 Dungeon Crawl Stone Soup version 0.28-a0-586-gbdb9d174a4 (webtiles) character file.

Game seed: 8119157259746162892

32 Gargoyl the Skirmisher (level 3, -9/35 HPs)
             Began as a Gnoll Abyssal Knight on Oct 3, 2021.
             Was a Follower of Lugonu.
             Mangled by an ogre (22 damage)
             ... on level 2 of the Dungeon.
             The game lasted 00:01:29 (1203 turns).

Gargoyl the Skirmisher (Gnoll Abyssal Knight)       Turns: 1203, Time: 00:01:29

Health: -9/35      AC: 15    Str: 13    XL:     3   Next: 25%
Magic:  6/6        EV:  4    Int:  9    God:    Lugonu [*.....]
Gold:   70         SH:  0    Dex: 12    Spells: 3/3 levels left

rFire   . . .      SeeInvis .   a - +1 hand axe
rCold   . . .      Faith    .   (no shield)
rNeg    . . .      Spirit   .   c - +3 plate armour
rPois   .          Reflect  .   (no helmet)
rElec   .          Harm     .   (no cloak)
rCorr   .          Rampage  .   (no gloves)
Will    .....                   (no boots)
Stlth   ..........              (no amulet)
HPRegen 0.11/turn               (no ring)
MPRegen 0.10/turn               (no ring)

@: no status effects
A: fangs 1, strong nose, distributed training
a: Renounce Religion, Depart the Abyss


You were on level 2 of the Dungeon.
You worshipped Lugonu.
Lugonu was aware of your devotion.
You visited 1 branch of the dungeon, and saw 2 of its levels.
You visited the Abyss 1 time.

You collected 70 gold pieces.

Inventory:

Hand Weapons
 a - a +1 hand axe (weapon)
Armour
 b - a +0 leather armour
 c - a +3 plate armour (worn)
Jewellery
 e - a +6 ring of intelligence
Scrolls
 d - a scroll of teleportation
 h - a scroll of identify
Potions
 f - a potion of lignification {unknown}
 g - 2 potions of degeneration {unknown}


   Skills:
 + Level 6.5 Fighting
 + Level 0.7 Short Blades
 + Level 0.7 Long Blades
 + Level 4.5 Axes
 + Level 0.7 Maces & Flails
 + Level 0.7 Polearms
 + Level 0.7 Staves
 + Level 0.7 Slings
 + Level 0.7 Bows
 + Level 0.7 Crossbows
 + Level 0.7 Throwing
 + Level 4.5 Armour
 + Level 2.6 Dodging
 + Level 0.7 Stealth
 + Level 0.7 Shields
 + Level 0.7 Unarmed Combat
 + Level 0.7 Spellcasting
 + Level 0.5 Conjurations
 + Level 0.5 Hexes
 + Level 0.5 Summonings
 + Level 0.5 Necromancy
 + Level 0.5 Translocations
 + Level 0.5 Transmutations
 + Level 0.5 Fire Magic
 + Level 0.5 Ice Magic
 + Level 0.5 Air Magic
 + Level 0.5 Earth Magic
 + Level 0.5 Poison Magic
 + Level 4.5 Invocations
 + Level 0.7 Evocations


You had 3 spell levels left.
You didn't know any spells.
Your spell library contained the following spells:

 Spells                   Type           Power      Damage    Failure   Level
 Magic Dart               Conj           4%         1d3       100%        1
 Call Imp                 Summ           1%         N/A       100%        2
 Mephitic Cloud           Conj/Pois/Air  1%         N/A       100%        3


Dungeon Overview and Level Annotations

Branches:
Dungeon (2/15)

Altars:


Innate Abilities, Weirdness & Mutations

You have very sharp teeth.
Your uncanny sense of smell can sniff out nearby items.
Your experience applies equally to all skills.


Message History

A rat comes into view.
Found 7 gold pieces.
A rat is nearby!
Found a mace.
You see here 7 gold pieces.
You hit the rat.
The rat is heavily wounded.
The rat bites you but does no damage.
You hit the rat.
You kill the rat!
Lugonu accepts your kill.
An ogre comes into view. It is wielding a +0 giant club.
The ogre moves out of view.
You see here a rat corpse.
Unknown command.
Unknown command.
An ogre is nearby!
You slash the ogre!
The ogre is moderately wounded.
The ogre hits you with a +0 giant club.
You hit the ogre. You bite the ogre, but do no damage.
The ogre is moderately wounded.
The ogre hits you with a +0 giant club!
Unknown command.
You closely miss the ogre.
The ogre is moderately wounded.
The ogre completely misses you.
Unknown command.
You barely miss the ogre.
The ogre is moderately wounded.
The ogre hits you with a +0 giant club.
Unknown command.
You slash the ogre!
The ogre is severely wounded.
Unknown command.
You hit the ogre.
The ogre is severely wounded.
The ogre hits you with a +0 giant club!!
Ouch! That really hurt!
You die...

### #..#) #.#
..#. #.#
#####.#....#
#...... .#.#
#######
#...... ..#
......#
#......###.#
#####.#
#......O##.###
#.#
#......@.†$..#
#.#
#....##.##.#.#
#.# #..
#.##.#.#
#####.# #
#..#.#†#
....#.#
.....#.#
###.#.#
##.#.#.# #.#.#
.#.#.#
#.#.####
...#.#
#.#....#
#..#.#


You could see an ogre.

Vanquished Creatures
  2 dart slugs
  3 endoplasms (D:1)
  2 giant cockroaches (D:1)
  3 goblins (D:1)
  4 hobgoblins (D:1)
  4 quokkas
  A ball python (D:1)
  A bat (D:1)
  A frilled lizard (D:1)
  A kobold (D:1)
  3 rats
25 creatures vanquished.

Notes
Turn   | Place    | Note
-------+----------+-------------------------------------------
     0 | Abyss:1  | Gargoyl the Gnoll Abyssal Knight began the quest for the
                  | Orb.
     0 | Abyss:1  | Reached XP level 1. HP: 23/23 MP: 3/3
    56 | Abyss:2  | Noticed a raiju
    56 | Abyss:2  | Noticed a raiju
    56 | Abyss:2  | Noticed a raiju
    56 | Abyss:2  | Noticed a raiju
    57 | D:1      | Escaped the Abyss
    88 | D:1      | Reached * piety under Lugonu
   243 | D:1      | Reached XP level 2. HP: 29/29 MP: 5/5
   337 | D:1      | Found a faded altar of an unknown god.
   655 | D:1      | Reached XP level 3. HP: 28/35 MP: 6/6
  1195 | D:2      | Noticed an ogre
  1203 | D:2      | Mangled by an ogre

Illustrated notes

Levels and vault maps discovered:
D:1:      heliophobic_arrival_enchanted_forest, layout_loops_ring,
          shapermc_ecumenical_altar_starsandcircs
D:2:      layout_basic, kennysheep_generic_room_15

Action                   || total
-------------------------++-------
Melee: Hand axe          ||    83
       Bite              ||     8
Invok: Depart the Abyss  ||     1
  Use: Scroll            ||     3
Armor: Plate armour      ||    52
Dodge: Dodged            ||    11

Table legend: (Time is in decaauts)
 A = Elapsed time spent in this place.
 B = Non-inter-level travel time spent in this place.
 C = Inter-level travel time spent in this place.
 D = Time resting spent in this place.
 E = Time spent auto-exploring this place.
 F = Levels seen in this place.
 G = Mean time per level.
                   A        B        C        D        E       F      G
               +--------+--------+--------+--------+--------+-----+--------+
         Total |   1208 |   1164 |     44 |      0 |    874 |   4 |  302.0 |
       Dungeon |   1151 |   1107 |     44 |      0 |    849 |   2 |  575.5 |
         Abyss |     56 |     56 |      0 |      0 |     25 |   2 |   28.0 |
               +--------+--------+--------+--------+--------+-----+--------+

Top non-repeatable levels by time:
     D:1: 944 daAuts
     D:2: 206 daAuts
 Abyss:2: 38 daAuts
 Abyss:1: 18 daAuts
